 Dungeon Crawl Stone Soup version 0.15-a0-133-g953de00 (console) character file.

1687 warriorpriest the Grappler (level 8, 0/74 HPs)
             Began as a Troll Monk on May 13, 2014.
             Slain by a hippogriff (5 damage)
             ... on Level 7 of the Dungeon.
             The game lasted 00:09:45 (1936 turns).

warriorpriest the Grappler (Troll Monk)             Turns: 1936, Time: 00:09:45

HP   0/74        AC  5     Str 20      XL: 8   Next: 55%
MP   3/3         EV 12     Int  6      God:
Gold 159         SH  0     Dex 14      Spells:  0 memorised,  7 levels left

rFire  . . .     SeeInvis .       - Unarmed
rCold  . . .     Clarity  .     h - +0 robe
rNeg   . . .     Conserve .     (shield restricted)
rPois  .         rCorr    .     (helmet restricted)
rElec  .         rRot     .     (no cloak)
SustAb . .       Spirit   .     (gloves unavailable)
rMut   .         Warding  .     (boots unavailable)
Gourm  +         Stasis   .     (no amulet)
MR     +....                    (no ring)
                                D - ring of protection from magic {unknown}

@: somewhat resistant to hostile enchantments, unstealthy
A: unfitting armour, claws 3, fast metabolism 3, gourmand, regeneration 2,
saprovore 2, shaggy fur 1, tough skin 2
a: no special abilities


You were on level 7 of the Dungeon.
You were not hungry.

You visited 1 branch of the dungeon, and saw 7 of its levels.

You collected 159 gold pieces.

Inventory:

Hand weapons
 l - a +0,+0 giant club
 s - a +0 blowgun
 u - a cursed -3,-1 quarterstaff
 x - a cursed +0 blowgun
Missiles
 t - 8 needles of frenzy
 z - 5 large rocks (quivered)
Armour
 a - a +0 robe
 h - a +0 robe (worn)
Magical devices
 m - a wand of paralysis (7)
 F - a wand of digging (10)
 I - a wand of fireball (4)
 J - a wand of magic darts (11)
Comestibles
 b - 3 meat rations
 j - 5 bread rations
 r - a pear
 w - a choko
 G - 10 grapes
Scrolls
 c - 3 scrolls of remove curse {unknown}
 e - a scroll of blinking {unknown}
 f - a scroll of enchant weapon II {unknown}
 i - a scroll of random uselessness {unknown}
 k - a scroll of enchant weapon I {unknown}
 p - a scroll of enchant armour {unknown}
 q - 2 scrolls of immolation {unknown}
 y - 2 scrolls of identify {unknown}
 A - 2 scrolls of teleportation {unknown}
 B - a scroll of silence {unknown}
 C - a scroll of amnesia {unknown}
 E - a scroll of fog {unknown}
Jewellery
 D - a ring of protection from magic (left claw) {unknown}
 H - an uncursed amulet of clarity {unknown}
Potions
 d - a potion of curing
 g - a potion of resistance {unknown}
 n - 2 potions of heal wounds {unknown}
 o - a potion of lignification {unknown}
 v - 2 potions of haste {unknown}


   Skills:
 - Level 2.4 Fighting
 * Level 2.7 Throwing
 + Level 5.4 Dodging
 - Level 1.1 Stealth
 * Level 9.4 Unarmed Combat


You had 7 spell levels left.
You didn't know any spells.

Dungeon Overview and Level Annotations

Branches:
Dungeon (7/15)
 Temple: D:4-7

Altars:

Shops:
D:5 }


Innate Abilities, Weirdness & Mutations

You are too large for most types of armour.
You have claws for hands.
Your metabolism is lightning-fast.
You like to eat raw meat.
You heal very quickly.
You can eat rotten meat.
You are covered in fur (AC +1).
You have very tough skin (AC +2).


Message History

Throwing (i - inventory):
z - 6 large rocks (quivered)
Press: ? - help, Shift-Dir - straight line, f - hippogriff
Aim: a hippogriff You throw a large rock.
The large rock hits the hippogriff.
The hippogriff is lightly wounded.
You scratch the hippogriff.
The hippogriff begins to bleed from its wounds!
The hippogriff is lightly wounded.
The hippogriff bites you but does no damage.
The hippogriff pecks you.
* * * LOW HITPOINT WARNING * * *
The hippogriff claws you but does no damage.
You scratch the hippogriff. Your punch misses the hippogriff.
The hippogriff is lightly wounded.
The hippogriff bites you!
* * * LOW HITPOINT WARNING * * *
The hippogriff pecks you!
* * * LOW HITPOINT WARNING * * *
The hippogriff claws you.
You die...

######.....##.#
.................
#.....# #...#.#
#...#.# #.#)#.#
#?#(#.# # #H#%#
#@#)# #.#)####
#.....#..<.#
#....).#....#
#...!..........
#...........#....
#...........#.....
####.......# ###
#.......#


You could see a hippogriff (bleeding).

Vanquished Creatures
  The ghost of maahes the Sneak, an average KoAs (D:3)
  2 orc warriors
  A sky beast (D:6)
  A phantom (D:5)
  3 ice beasts
  A centaur (D:5)
  An ogre (D:4)
  2 crimson imps
  An orc priest (D:6)
  6 hounds
  A jelly (D:6)
  A worker ant (D:4)
  Ijyb (D:3)
  Jessica (D:3)
  8 adders
  5 gnolls
  An inept feature mimic (D:5)
  A shadow imp (D:6)
  A worm (D:3)
  A goliath beetle zombie (D:6)
  A giant eyeball (D:4)
  2 giant geckos
  An ooze (D:1)
  17 orcs
  5 bats
  8 hobgoblins
  10 jackals
  A ball python (D:2)
  2 giant cockroaches
  2 giant newts
  10 goblins
  A goblin skeleton (D:4)
  11 kobolds
  An orc skeleton (D:6)
  3 quokkas
  3 rats
118 creatures vanquished.

Notes
Turn   | Place    | Note
--------------------------------------------------------------
     0 | D:1      | warriorpriest, the Troll Monk, began the quest for the Orb.
     0 | D:1      | Reached XP level 1. HP: 22/22 MP: 1/1
   126 | D:2      | Reached XP level 2. HP: 23/29 MP: 1/1
   230 | D:4      | Noticed an ogre
   358 | D:3      | Noticed maahes' ghost (average KoAs)
   381 | D:3      | Killed maahes' ghost
   381 | D:3      | Reached skill level 5 in Unarmed Combat
   381 | D:3      | Reached XP level 3. HP: 9/36 MP: 2/2
   381 | D:3      | Reached XP level 4. HP: 11/44 MP: 2/2
   423 | D:3      | Reached XP level 5. HP: 27/50 MP: 2/2
   451 | D:3      | Noticed Jessica
   466 | D:3      | Killed Jessica
   558 | D:3      | Noticed Ijyb
   572 | D:3      | Killed Ijyb
   572 | D:3      | Reached skill level 6 in Unarmed Combat
   772 | D:4      | Killed an ogre
   772 | D:4      | Reached XP level 6. HP: 34/59 MP: 3/3
   880 | D:5      | Entered Level 5 of the Dungeon
   884 | D:5      | Reached skill level 7 in Unarmed Combat
   896 | D:5      | Found Buditeug's Gadget Shop.
   933 | D:5      | Reached XP level 7. HP: 49/66 MP: 3/3
  1066 | D:5      | Reached skill level 8 in Unarmed Combat
  1456 | D:6      | Reached skill level 5 in Dodging
  1456 | D:6      | Reached XP level 8. HP: 51/74 MP: 3/3
  1607 | D:6      | Reached skill level 1 in Throwing
  1607 | D:6      | Reached skill level 9 in Unarmed Combat
  1936 | D:7      | Slain by a hippogriff

Action                   |  1- 3 |  4- 6 |  7- 9 || total
-------------------------+-------+-------+-------++-------
Melee: Unarmed           |    71 |    97 |   174 ||   342
Throw: Large rock        |       |       |     1 ||     1
Evoke: Wand              |       |     1 |     3 ||     4
  Use: Potion            |     1 |       |       ||     1
 Stab: Sleeping          |     1 |       |     2 ||     3
